 Dungeon Crawl Stone Soup version 0.26-a0-597-gb535b0901c (webtiles) character file.

Game seed: 9129376495416880201

1595 kae the Arsonist (level 8, -6/41 HPs)
             Began as a Tengu Fire Elementalist on Aug 27, 2020.
             Engulfed by a cloud of flame (28 damage)
             ... on level 5 of the Dungeon.
             The game lasted 00:11:38 (8104 turns).

kae the Arsonist (Tengu Fire Elementalist)          Turns: 8104, Time: 00:11:38

Health: -6/41      AC:  4    Str: 10    XL:     8   Next: 93%
Magic:  10/16      EV: 12    Int: 17    God:
Gold:   294        SH:  0    Dex: 14    Spells: 4/17 levels left

rFire    . . .     SeeInvis .   p - +2 spear (freeze)
rCold    . . .     Faith    .   (no shield)
rNeg     . . .     Spirit   .   a - +1 robe
rPois    .         Reflect  .   (helmet restricted)
rElec    .         Harm     .   c - +0 cloak
rCorr    .                      (no gloves)
MR       .....                  (boots unavailable)
Stlth    ++........             (no amulet)
HPRegen  0.13/turn              (no ring)
MPRegen  0.15/turn              (no ring)

@: no status effects
A: beak, talons 3, able to fly
a: Fly


You were on level 5 of the Dungeon.
You visited 1 branch of the dungeon, and saw 5 of its levels.

You collected 294 gold pieces.

Inventory:

Hand Weapons
 b - a +1 short sword
 p - a +2 spear of freezing (weapon)
Missiles
 o - 4 throwing nets (quivered)
Armour
 a - a +1 robe (worn)
 c - a +0 cloak (worn)
Jewellery
 r - an uncursed ring of protection from fire {unknown}
Wands
 u - a wand of paralysis (6)
Scrolls
 h - 2 scrolls of remove curse
 i - a scroll of teleportation
 k - a scroll of blinking
 l - 2 scrolls of immolation
 s - 2 scrolls of fog
 v - 2 scrolls of identify
Potions
 d - a potion of berserk rage
 e - 2 potions of curing
 f - 2 potions of stabbing
 g - a potion of lignification
 j - 2 potions of haste
 m - 2 potions of heal wounds {unknown}
 n - 2 potions of might {unknown}
 q - 2 potions of degeneration {unknown}
 t - a potion of cancellation {unknown}


   Skills:
 - Level 2.1 Dodging
 - Level 2.0 Stealth
 + Level 5.2 Spellcasting
 + Level 7.1 Conjurations
 * Level 9.1 Fire Magic


You had 4 spell levels left.
You knew the following spells:

 Your Spells              Type           Power        Failure   Level
a - Foxfire               Conj/Fire      ####         1%          1
b - Conjure Flame         Conj/Fire      ####....     1%          3
c - Sticky Flame          Conj/Fire      ####....     4%          4
d - Fireball              Conj/Fire      ####......   13%         5

Your spell library contained the following spells:

 Spells                   Type           Power        Failure   Level
 Inner Flame              Hex/Fire       ###.....     6%          3
 Confusing Touch          Hex            #.......     38%         3
 Gell's Gravitas          Tloc           #.........   38%         3
 Petrify                  Tmut/Erth      #.......     80%         4
 Metabolic Englaciation   Hex/Ice        #.........   98%         5
 Yara's Violent Unravell  Hex/Tmut       #.........   98%         5


Dungeon Overview and Level Annotations

Branches:
Dungeon (5/15)
 Temple: D:4-7

Altars:
Fedhas
Hepliaklqana
Qazlal
Ru
Trog
Xom
Yredelemnul
The Shining One

Annotations:
D:5 Crazy Yiuf


Innate Abilities, Weirdness & Mutations

You have a beak for a mouth.
You have claws for feet.
You can fly continuously.


Message History

The fire begins to smolder!
You smother the flame.
You start resting.
Crazy Yiuf screams, "Action!"
Crazy Yiuf whimpers, "Ice!
Gnoll head head."
Crazy Yiuf says, "Snoogle action koolooloo!"
Crazy Yiuf grits, "Earwax!
Seed high ena."
Crazy Yiuf grits, "Mugger!"
Crazy Yiuf cries, "Goldfish King noodlescoop!"
Magic restored.
Casting: Conjure Flame (safe; 1% risk of failure)
Confirm with . or Enter, or press ? or * to list all spells.
The fire begins to smolder!
Casting: Conjure Flame (safe; 1% risk of failure)
Confirm with . or Enter, or press ? or * to list all spells.
The fire ignites!
You are engulfed in blazing flames.
As you open the door, it creaks loudly!
You are engulfed in blazing flames.
Ouch! That really hurt!
You die...

#########.....# ############..
..............######............#
.########.....#....>.............
.## ####################...#.
..######## #....#.#. .........#
####...#. ..######## ###
#######.[... #.# #)..###
##.#..##.).#. #.# ####
#..g'@####P.....#....# #.# #..#
#...##..#..P.........# #.# #.##
### ###.#..#.###...[# #.# #.#
######## #...#. #.# #.# #...##
#.# #.#### ### #...##
#.#####.#..# #.# #...#
>.......#..# #.# #######...##
#######.#..# #.#######........##.


You could see Crazy Yiuf.

Vanquished Creatures
  2 phantoms
  An eye of draining (D:5)
  2 ogres
  A scorpion (D:5)
  4 crimson imps (D:5)
  A centaur zombie (D:5)
  A jelly (D:5)
  A gnoll shaman (D:3)
  An orc priest (D:3)
  2 bullfrog skeletons (D:5)
  4 iguanas
  5 worker ants
  A hound skeleton (D:4)
  A worker ant zombie (D:5)
  7 adders
  38 gnolls (D:3)
  An adder skeleton (D:4)
  A worm (D:2)
  3 leopard geckos
  17 orcs
  7 bats
  6 giant cockroaches
  4 goblins
  10 hobgoblins
  22 jackals
  9 kobolds
  A ball python (D:3)
  6 frilled lizards
  A leopard gecko skeleton (D:5)
  7 rats
  A spectral orc (D:3)
168 creatures vanquished.

Vanquished Creatures (others)
  443 foxfires
  2 fungi (D:4)
  5 plants (D:3)
450 creatures vanquished.

Grand Total: 618 creatures vanquished

Notes
Turn   | Place    | Note
-------+----------+-------------------------------------------
     0 | D:1      | kae the Tengu Fire Elementalist began the quest for the
                  | Orb.
     0 | D:1      | Reached XP level 1. HP: 10/10 MP: 4/4
   163 | D:1      | Reached XP level 2. HP: 15/15 MP: 3/6
   998 | D:2      | Reached skill level 4 in Fire Magic
   998 | D:2      | Reached XP level 3. HP: 19/19 MP: 4/7
  1377 | D:2      | Reached XP level 4. HP: 24/24 MP: 4/8
  2609 | D:3      | Gained mutation: You can fly continuously. [Tengu growth]
  2609 | D:3      | Reached XP level 5. HP: 27/28 MP: 7/10
  2657 | D:3      | Reached skill level 5 in Fire Magic
  2781 | D:3      | Reached XP level 6. HP: 28/32 MP: 1/11
  2994 | D:3      | Found a basalt altar of Yredelemnul.
  3104 | D:3      | Reached skill level 6 in Fire Magic
  3911 | D:3      | Reached XP level 7. HP: 28/36 MP: 7/13
  4040 | D:3      | Reached skill level 5 in Conjurations
  4495 | D:3      | Reached skill level 7 in Fire Magic
  4591 | D:3      | Learned a level 3 spell: Conjure Flame
  4596 | D:3      | Learned a level 4 spell: Sticky Flame
  5192 | D:4      | Reached XP level 8. HP: 41/41 MP: 13/15
  5247 | D:4      | Found a sacrificial altar of Ru.
  5536 | D:4      | Found a blossoming altar of Fedhas.
  5573 | D:4      | Found a hazy altar of Hepliaklqana.
  5576 | D:4      | Found a stormy altar of Qazlal.
  5845 | D:5      | Entered Level 5 of the Dungeon
  5851 | D:5      | Reached skill level 8 in Fire Magic
  5980 | D:5      | Learned a level 5 spell: Fireball
  6027 | D:5      | Found a bloodstained altar of Trog.
  6200 | D:5      | Found a runed translucent door.
  6201 | D:5      | Noticed Crazy Yiuf
  6468 | D:5      | Found a glowing golden altar of the Shining One.
  6899 | D:5      | Found a shimmering altar of Xom.
  6917 | D:5      | Reached skill level 5 in Spellcasting
  7348 | D:5      | Reached skill level 9 in Fire Magic
  8104 | D:5      | Engulfed by a cloud of flame

Illustrated notes

Levels and vault maps discovered:
D:1:      psy_arrival_wood_between_worlds, layout_basic
D:2:      layout_loops_ring
D:3:      lemuel_castle_with_subvaults [lemuel_castle_interior_carwin_1],
          layout_loops_cross, yredelemnul_forgotten_temple_becter
D:4:      minmay_clustersquares, layout_cave_pools,
          grunt_temple_overflow_forces_of_nature, kennysheep_little_box,
          overflow_temple_1_default
D:5:      layout_loops_ring, led_xom_imps, trog_eyes_of_draining,
          nicolae_tso_swordbearing_angel, uniq_crazy_yiuf_cottage

Skill      XL: |  1  2  3  4  5  6  7  8 |
---------------+-------------------------+-----
Conjurations   | 2 3 4 5 7 |  7.1
Fire Magic     | 4 5 6 7 9 |  9.1
Spellcasting   | 3 4 5 |  5.2
Dodging        | |  2.1
Stealth        | |  2.0

Action                   |  1- 3 |  4- 6 |  7- 9 || total
-------------------------+-------+-------+-------++-------
Melee: Unarmed           |     1 |       |       ||     1
       Short sword       |     9 |    10 |       ||    19
       Kick              |     3 |     1 |    26 ||    30
       Peck              |       |     2 |    16 ||    18
       Spear             |       |     5 |   122 ||   127
 Cast: Foxfire           |    41 |   117 |   117 ||   275
       Conjure Flame     |       |       |    14 ||    14
       Sticky Flame      |       |       |     2 ||     2
  Use: Scroll            |     7 |     4 |     5 ||    16
       Potion            |       |       |     1 ||     1
 Stab: Sleeping          |     2 |       |       ||     2
Armor: Robe              |     1 |     6 |    32 ||    39
Dodge: Dodged            |    12 |    27 |    62 ||   101

Table legend: (Time is in decaauts)
 A = Elapsed time spent in this place.
 B = Non-inter-level travel time spent in this place.
 C = Inter-level travel time spent in this place.
 D = Time resting spent in this place.
 E = Time spent auto-exploring this place.
 F = Levels seen in this place.
 G = Mean time per level.
                   A        B        C        D        E       F      G
               +--------+--------+--------+--------+--------+-----+--------+
         Total |   8153 |   8051 |    102 |   2174 |   4630 |   5 | 1630.6 |
       Dungeon |   8153 |   8051 |    102 |   2174 |   4630 |   5 | 1630.6 |
               +--------+--------+--------+--------+--------+-----+--------+

Top non-repeatable levels by time:
     D:3: 2611 daAuts
     D:5: 2269 daAuts
     D:2: 1197 daAuts
     D:4: 1086 daAuts
     D:1: 988 daAuts
